 Dungeon Crawl Stone Soup version 0.31-a0-229-g1fc7ce93e2 (webtiles) character file.

Game seed: 2001750188445420741

36 qw the Shooter (level 3, 0/21 HPs)
             Began as a Gargoyle Hexslinger on July 6, 2023.
             Slain by a goblin
             ... wielding a +0 dagger
             ... led by Robin
              (2 damage)
             ... on level 2 of the Dungeon.
             The game lasted 00:00:21 (761 turns).

qw the Shooter (Gargoyle Hexslinger)                 Turns: 761, Time: 00:00:21

Health: 0/21       AC:  7    Str: 11    XL:     3   Next: 37%
Magic:  4/4        EV: 11    Int: 13    God:
Gold:   54         SH:  0    Dex: 14    Spells: 3/4 levels left

rFire   . . .        Y - +1 sling (heavy)
rCold   . . .        (no shield)
rNeg    + . .        f - +0 leather armour
rPois   inf          (no helmet)
rElec   +            (no cloak)
rCorr   .            (no gloves)
SInv    .            d - +0 pair of boots
Will    .....        (no amulet)
Stlth   +            (no ring)
HPRegen 0.23/turn    (no ring)
MPRegen 0.09/turn

%: no passive effects
@: no status effects
A: sickness immunity, AC +3, negative energy resistance 1, electricity
resistance, torment resistance 1, petrification resistance
a: no special abilities


You were on level 2 of the Dungeon.
You visited 1 branch of the dungeon, and saw 2 of its levels.

You collected 54 gold pieces.


Innate Abilities, Weirdness & Mutations

You are immune to sickness and miasma.
Your stone body is resilient. (AC +3)
You are immune to poison.
You resist negative energy. (rN+)
You are resistant to electric shocks. (rElec)
You are resistant to unholy torment.
You are immune to petrification.


   Skills:
 - Level 2.0 Fighting
 + Level 3.3 Ranged Weapons
 - Level 1.5 Dodging
 - Level 1.0 Spellcasting
 - Level 2.6 Hexes


You had 3 spell levels left.
You knew the following spells:

 Your Spells              Type           Power      Damage    Failure   Level
a - Slow                  Hex            28%        N/A       12%         1

Your spell library contained the following spells:

 Spells                   Type           Power      Damage    Failure   Level
 Inner Flame              Hex/Fire       4%         N/A       54%         3
 Portal Projectile        Hex/Tloc       8%         N/A       54%         3
 Cause Fear               Hex            3%         N/A       77%         4

Inventory:

Hand Weapons
 Y - a +1 heavy sling (weapon)
Armour
 d - a +0 pair of boots (worn)
 f - a +0 leather armour (worn)
Potions
 e - 3 potions of curing
 h - a potion of mutation {unknown}
 i - a potion of enlightenment {unknown}
 j - a potion of heal wounds

Dungeon Overview and Level Annotations

Branches:
Dungeon (2/15)

Altars:

Annotations:
D:2 Robin


Message History

The goblin misses you.
Robin roars a battlecry!
The goblin goes into a battle-frenzy!
The goblin barely misses you.
You shoot a sling bullet.
The sling bullet barely misses the goblin.
The sling bullet hits the goblin!
You kill the goblin!
The goblin barely misses you.
A kobold comes into view. It is wielding a +0 short sword.
The goblin hits you but does no damage. The goblin closely misses you.
You shoot a sling bullet.
The sling bullet barely misses the goblin. x2
The sling bullet hits the goblin!
You kill the goblin!
The goblin hits you but does no damage.
A hobgoblin comes into view.
The goblin closely misses you.
The goblin hits you with a +0 dagger. x2
A hobgoblin comes into view.
The goblin hits you with a +0 dagger. The goblin hits you but does no damage.
Robin roars a battlecry!
The goblins go into a battle-frenzy!
The goblin hits you with a +0 club.
You shoot a sling bullet. The hobgoblin shouts! x2
The sling bullet hits the goblin!
You kill the goblin!
The goblin closely misses you. The goblin hits you but does no damage.
A goblin comes into view. It is wielding a +0 club.
The goblin hits you with a +0 dagger.
A goblin comes into view. It is wielding a +0 club.
The goblin barely misses you. The goblin hits you but does no damage.
The goblin hits you with a +0 dagger. The goblin barely misses you.
You shoot a sling bullet.
The sling bullet barely misses the goblin.
The goblin hits you with a +0 dagger. The goblin hits you but does no damage.
The goblin hits you with a +0 dagger. The goblin hits you but does no damage.
The goblin hits you with a +0 dagger. The goblin hits you but does no damage.
The goblin hits you with a +0 dagger.
You die...

#####.........
#.............
###########.###.........
............# ##........
..........### ##.....##
.......##.### ########
.......##...########
..#...gg..#........###
.g%g.Kg@..####........
.##.gg)g..#)...####..#
..g.........#### #
#############


You could see Robin, 2 hobgoblins, 6 goblins and a kobold.

Vanquished Creatures
  4 ball pythons
  4 bats (D:1)
  3 endoplasms (D:1)
  A giant cockroach (D:1)
  7 goblins
  4 hobgoblins
  A quokka (D:1)
  A frilled lizard (D:1)
  4 kobolds (D:1)
  2 rats (D:1)
31 creatures vanquished.

Notes
Turn   | Place    | Note
-------+----------+-------------------------------------------
     0 | D:1      | qw the Gargoyle Hexslinger began the quest for the Orb.
     0 | D:1      | Reached XP level 1. HP: 12/12 MP: 2/2
     0 | D:1      | 0 ||| qw: Version: 0.3-a-46-gb1f654a
     0 | D:1      | 0 ||| qw: Game counter: 1330
     0 | D:1      | 0 ||| qw: Melee chars always use a shield: true
     0 | D:1      | 0 ||| qw: God list: Okawaru
     0 | D:1      | 0 ||| qw: Allow faded altars: false
     0 | D:1      | 0 ||| qw: Do Orc after clearing Dungeon:15 true
     0 | D:1      | 0 ||| qw: Do second Lair branch before Depths: true
     0 | D:1      | 0 ||| qw: Lair rune preference: random
     0 | D:1      | 0 ||| qw: Goals: Normal
     0 | D:1      | 0 ||| PLANNING D:1-11
   137 | D:1      | Reached XP level 2. HP: 16/16 MP: 3/3
   245 | D:1      | Reached skill level 3 in Ranged Weapons
   435 | D:1      | Reached XP level 3. HP: 16/21 MP: 4/4
   649 | D:1      | 649 ||| UPGRADING to +0 pair of boots.
   654 | D:1      | 654 ||| UPGRADING to +0 leather armour.
   664 | D:1      | 664 ||| DROPPING +0 robe.
   665 | D:1      | 665 ||| READING scroll labelled ZUTUSA NYOGUON.
   666 | D:1      | 666 ||| READING scroll labelled ALYETI ASYTSA.
   671 | D:1      | 671 ||| READING scroll labelled JANE DUYRUFAPP.
   672 | D:1      | 672 ||| DRINKING 4 green potions.
   673 | D:1      | 673 ||| DRINKING 2 red potions.
   674 | D:1      | 674 ||| DROPPING scroll of poison.
   755 | D:2      | Noticed Robin
   761 | D:2      | HP: 4/21 [goblin/+0 dagger[Robin] (2)]
   761 | D:2      | Slain by a goblin

Levels and vault maps discovered:
D:1:      saegor_arrival_simple_b, layout_loops_ring
D:2:      layout_rooms, serial_shops, shop, uniq_natasha, uniq_robin

Skill      XL: |  1  2 |
---------------+-------+-----
Ranged Weapons | 3 |  3.3
Fighting       | 2 |  2.0
Dodging        | |  1.5
Spellcasting   | |  1.0
Hexes          | |  2.6

Action                     || total
---------------------------++-------
   Fire: Sling             ||    86
    Use: Scroll            ||     3
         Potion            ||     2
 Armour: Robe              ||    10
         Leather armour    ||    11
  Dodge: Dodged            ||    30

Table legend:
 A = Non-vault XP
 B = Vault XP
 C = Vault XP percentage of total XP
 D = Non-vault monster count
 E = Vault monster count
 F = Vault count percentage of total count
                 A         B        C        D         E       F
            +---------+---------+-------+---------+---------+-------
      Total |      45 |       7 |  13.5 |      27 |       4 |  12.9
            +---------+---------+-------+---------+---------+-------
        D:1 |      40 |       0 |   0.0 |      24 |       0 |   0.0
        D:2 |       5 |       7 |  58.3 |       3 |       4 |  57.1
            +---------+---------+-------+---------+---------+-------
